 Dungeon Crawl Stone Soup version 0.32-a0-876-gcfddb08 (webtiles) character file.

Game seed: 7013971219768029880

1754701 Draconius the Warrior (level 27, 199/199 HPs)
             Began as a Gargoyle Earth Elementalist on Mar 31, 2024.
             Was the Champion of Ashenzari.
             Escaped with the Orb
             ... and 3 runes on Apr 1, 2024!
             The game lasted 05:54:55 (64848 turns).

Draconius the Warrior (GrEE)                       Turns: 64848, Time: 05:54:55

Health: 199/199    AC: 37    Str: 15    XL:     27
Magic:  63/63      EV: 17    Int: 41    God:    Ashenzari [******]
Gold:   6398       SH: 10    Dex: 19    Spells: 4/80 levels left

rFire   + + +        v - staff of the Prescient Repose (curse) {rElec rC+ rN+ Int+4 Necro Tloc, Elem, Self} (curse)
rCold   + + .        M - +3 buckler "Prescient Secrets" {reflect, Elem, Self} (curse)
rNeg    + + .        N - +2 leather armour of the Eternal Oracle {rF+, Dev, Elem} (curse)
rPois   ∞            P - +1 helmet "Prophetic Soothsayer" {Int+2 Dex+3, Fort, Elem} (curse)
rElec   +            a - +1 cloak of Panopticon {rCorr, Elem, Dev} (curse)
rCorr   +            A - +0 pair of gloves "Overhang to Understand" {^Drain Str+3 Int+5, Elem, Fort} (curse)
SInv    +            l - +1 pair of boots "Lashed With Me" {rF+ Regen+, Comp, Self} (curse)
Will    ++...        J - amulet of Ashenzari's Vexation {Regen+ Dex+2, Comp, Cun} (curse)
Stlth   ++           D - ring of the Ensconced Sun {rF+ MP+9, Self, Bglg} (curse)
HPRegen 2.13/turn    Y - ring of Ashenzari's Oracle {Fly rPois rF+ rC+ Dex+4, Sorc, Self} (curse)
MPRegen 0.38/turn

%: reflection, clarity
@: flying, studying 2 skills
A: sickness immunity, AC +20, big wings, negative energy resistance 1,
electricity resistance, torment resistance 1, petrification resistance,
screaming 1, inability to read after injury 1, persistent drain
0: Orb of Zot
}: 3/15 runes: decaying, slimy, silver
a: Renounce Religion, Shatter the Chains


You escaped.
You worshipped Ashenzari.
Ashenzari was exalted by your worship.
You visited 10 branches of the dungeon, and saw 47 of its levels.
You visited the Abyss 3 times.
You visited 1 ziggurat, and saw 14 of its levels.
You also visited: Gauntlet.

You collected 7955 gold pieces.
You spent 1557 gold pieces at shops.

Inventory:

Armour
 a - the cursed +1 cloak of Panopticon (worn) {rCorr, Elem, Dev}
   (You bought it in a shop on level 2 of the Dungeon)

   It has a curse which improves the following skills: Elements: Fire Magic, Ice
   Magic, Air Magic and Earth Magic.
   Devices:   Evocations and Shapeshifting.
 l - the cursed +1 pair of boots "Lashed With Me" (worn) {rF+ Regen+, Comp, Self}
   (You bought it in a shop on level 2 of the Orcish Mines)

   rF+:       It protects you from fire.
   Regen+:    It increases your rate of health regeneration.
   It has a curse which improves the following skills: Companions: Summonings
   and Necromancy.
   Introspection: Fighting and Spellcasting.
 A - the cursed +0 pair of gloves "Overhang to Understand" (worn) {^Drain Str+3 Int+5, Elem, Fort}
   (You found it in a Gauntlet)

   Str+3:     It affects your strength (+3).
   Int+5:     It affects your intelligence (+5).
   ^Drain:    It drains your maximum health when unequipped.
   It has a curse which improves the following skills: Elements: Fire Magic, Ice
   Magic, Air Magic and Earth Magic.
   Fortitude: Armour and Shields.
 M - the cursed +3 buckler "Prescient Secrets" (worn) {reflect, Elem, Self}
   (You took it off a tengu warrior on level 15 of the Dungeon)

   It has a curse which improves the following skills: Elements: Fire Magic, Ice
   Magic, Air Magic and Earth Magic.
   Introspection: Fighting and Spellcasting.
 N - the cursed +2 leather armour of the Eternal Oracle (worn) {rF+, Dev, Elem}
   (You found it on level 8 of the Dungeon)

   It has a curse which improves the following skills: Devices: Evocations and
   Shapeshifting.
   Elements:  Fire Magic, Ice Magic, Air Magic and Earth Magic.
 P - the cursed +1 helmet "Prophetic Soothsayer" (worn) {Int+2 Dex+3, Fort, Elem}
   (You found it on level 1 of the Vaults)

   Int+2:     It affects your intelligence (+2).
   Dex+3:     It affects your dexterity (+3).
   It has a curse which improves the following skills: Fortitude: Armour and
   Shields.
   Elements:  Fire Magic, Ice Magic, Air Magic and Earth Magic.
Magical Staves
 v - the cursed staff of the Prescient Repose (weapon) {rElec rC+ rN+ Int+4 Necro Tloc, Elem, Self}
   (You acquired it on level 4 of the Vaults)

   [staff of death]

   Base accuracy: +5 Base damage: 5 Base attack delay: 1.2 This weapon's minimum
   attack delay (0.6) is reached at skill level 12.
   Int+4:     It affects your intelligence (+4).
   rC+:       It protects you from cold.
   rElec:     It insulates you from electricity.
   rN+:       It protects you from negative energy.
   Necro:     It increases the power of your Necromancy spells.
   Tloc:      It increases the power of your Translocations spells.
   It falls into the 'Staves' category.
   It is a one-handed weapon.
   It has a curse which improves the following skills: Elements: Fire Magic, Ice
   Magic, Air Magic and Earth Magic.
   Introspection: Fighting and Spellcasting.
Jewellery
 n - a +6 ring of intelligence
 u - the ring "Untaluro" {rN+ Will+ Str-4 Int+2 Slay+6}
   (You took it off a yaktaur captain on level 1 of the Vaults)

   [ring of positive energy]

   Str-4:     It affects your strength (-4).
   Int+2:     It affects your intelligence (+2).
   Slay+6:    It affects your accuracy & damage with ranged weapons and melee
   (+6).
   rN+:       It protects you from negative energy.
   Will+:     It increases your willpower.
 D - the cursed ring of the Ensconced Sun (left hand) {rF+ MP+9, Self, Bglg}
   (You found it on level 3 of the Swamp)

   [ring of protection from fire]

   rF+:       It protects you from fire.
   MP+9:      It affects your magic capacity (+9).
   It has a curse which improves the following skills: Introspection: Fighting
   and Spellcasting.
   Beguiling: Hexes and Translocations.
 J - the cursed amulet of Ashenzari's Vexation (around neck) {Regen+ Dex+2, Comp, Cun}
   (You bought it in a shop on level 2 of the Orcish Mines)

   [amulet of regeneration]

   Dex+2:     It affects your dexterity (+2).
   Regen+:    It increases your rate of health regeneration.
   It has a curse which improves the following skills: Companions: Summonings
   and Necromancy.
   Cunning:   Dodging and Stealth.
 U - the ring "Xeseu" {Fire rN++ Will-}
   (You found it on level 9 of the Dungeon)

   [ring of fire]

   Fire:      It enhances your fire magic.
   rF+:       It protects you from fire.
   rC-:       It makes you vulnerable to cold.
   rN++:      It greatly protects you from negative energy.
   Will-:     It decreases your willpower.
 Y - the cursed ring of Ashenzari's Oracle (right hand) {Fly rPois rF+ rC+ Dex+4, Sorc, Self}
   (You found it on level 1 of the Vaults)

   [ring of flight]

   Dex+4:     It affects your dexterity (+4).
   rF+:       It protects you from fire.
   rC+:       It protects you from cold.
   rPois:     It protects you from poison.
   Fly:       It grants you flight.
   It has a curse which improves the following skills: Sorcery: Conjurations and
   Alchemy.
   Introspection: Fighting and Spellcasting.
 Z - the ring of Ydaimian {Fly MP+9 Str+6}
   (You found it on level 9 of a ziggurat)

   [ring of magical power]

   Str+6:     It affects your strength (+6).
   MP+9:      It affects your magic capacity (+9).
   Fly:       It grants you flight.
Wands
 f - a wand of paralysis (69)
 t - a wand of light (19) (quivered)
 E - a wand of digging (5)
 L - a wand of iceblast (52)
 R - a wand of mindburst (21)
 S - a wand of flame (91)
Scrolls
 c - 6 scrolls of vulnerability
 d - 3 scrolls of blinking
 e - 5 scrolls of poison
 m - a scroll of fear
 r - 7 scrolls of amnesia
 w - 8 scrolls of immolation
 y - 28 scrolls of teleportation
 z - 10 scrolls of fog
 C - 9 scrolls of enchant weapon
 O - 2 scrolls of enchant armour
 W - 8 scrolls of revelation
Potions
 b - a potion of magic
 g - 8 potions of might
 h - 2 potions of invisibility
 i - 3 potions of enlightenment
 j - 2 potions of resistance
 k - 6 potions of heal wounds
 p - 2 potions of brilliance
 x - 4 potions of cancellation
 G - 4 potions of berserk rage
 I - 12 potions of mutation
 K - 21 potions of curing
 Q - 3 potions of haste
Miscellaneous
 o - the horn of Geryon
 s - a box of beasts
 F - a phantom mirror
 X - a lightning rod (4/4)


   Skills:
 - Level 20.7(27) Fighting
 - Level 11.4(15.0) Armour
 - Level 7.4(10.0) Dodging
 - Level 8.8(11.3) Stealth
 - Level 6.4(10.0) Shields
 - Level 20.7(27) Spellcasting
 - Level 9.8(12.3) Conjurations
 - Level 5.0(7.3) Hexes
 - Level 13.4(17.0) Summonings
 - Level 9.8(13.4) Necromancy
 - Level 6.0(8.4) Translocations
 - Level 12.1(19.6) Fire Magic
 * Level 20.1(27) Ice Magic
 - Level 17.6(25.0) Earth Magic
 - Level 7.3(9.8) Alchemy
 + Level 14.1(17.6) Evocations


You had 4 spell levels left.
You knew the following spells:

 Your Spells              Type           Power      Damage    Failure   Level
a - Shatter               Erth           65%        3d48*     1%          9
b - Martyr's Knell        Necr/Summ      100%       N/A       0%          4
c - Haunt                 Necr/Summ      66%        N/A       1%          7
d - Blink                 Tloc           100%       N/A       1%          2
e - Polar Vortex          Ice            67%        12d9*     1%          9
f - Malign Gateway        Summ/Tloc      63%        N/A       1%          7
g - Lehudib's Crystal Sp  Conj/Erth      59%        10d14     1%          8
i - Death Channel         Necr           64%        N/A       1%          6
j - Spellforged Servitor  Conj/Summ      54%        N/A       1%          7
k - Animate Dead          Necr           100%       N/A       0%          4
l - Ignition              Fire           60%        3d16      1%          8
m - Borgnjor's Vile Clut  Necr/Erth      72%        N/A       0%          5

Your spell library contained the following spells:

 Spells                   Type           Power      Damage    Failure   Level
 Apportation              Tloc           100%       N/A       0%          1
 Foxfire                  Conj/Fire      100%       2x1d9     0%          1
 Freeze                   Ice            100%       1d10      0%          1
 Kiss of Death            Conj/Necr      100%       2d13      0%          1
 Magic Dart               Conj           100%       1d8       0%          1
 Necrotise                Necr           100%       1d9       0%          1
 Sandblast                Erth           100%       2d20      0%          1
 Sting                    Conj/Alch      100%       1d9       0%          1
 Summon Small Mammal      Summ           100%       N/A       0%          1
 Call Imp                 Summ           100%       N/A       0%          2
 Ensorcelled Hibernation  Hex/Ice        100%       N/A       0%          2
 Scorch                   Fire           100%       2d9       0%          2
 Searing Ray              Conj           100%       2d8       0%          2
 Call Canine Familiar     Summ           100%       N/A       0%          3
 Frozen Ramparts          Ice            100%       1d16      0%          3
 Fugue of the Fallen      Necr           100%       N/A       0%          3
 Hailstorm                Conj/Ice       100%       3d16      0%          3
 Inner Flame              Hex/Fire       100%       N/A       0%          3
 Passwall                 Erth           100%       N/A       0%          3
 Stone Arrow              Conj/Erth      100%       3d13      0%          3
 Summon Ice Beast         Ice/Summ       100%       N/A       0%          3
 Vampiric Draining        Necr           100%       2d13      0%          3
 Volatile Blastmotes      Fire/Tloc      100%       2d18      0%          3
 Animate Armour           Summ/Erth      100%       N/A       0%          4
 Brom's Barrelling Bould  Conj/Erth      100%       2d11      0%          4
 Dispel Undead            Necr           100%       3d31      0%          4
 Flame Wave               Conj/Fire      100%       2d21      0%          4
 Ignite Poison            Fire/Alch      100%       N/A       0%          4
 Leda's Liquefaction      Alch/Erth      57%        N/A       0%          4
 Petrify                  Alch/Erth      100%       N/A       0%          4
 Sticky Flame             Fire/Alch      100%       2d15      0%          4
 Summon Blazeheart Golem  Fire/Summ      100%       N/A       0%          4
 Shock                    Conj/Air       100%       1d9       1%          1
 Slow                     Hex            100%       N/A       1%          1
 Jinxbite                 Hex            100%       N/A       1%          2
 Lesser Beckoning         Tloc           100%       N/A       1%          2
 Mercury Vapours          Alch/Air       100%       N/A       1%          2
 Static Discharge         Conj/Air       100%       3-8/arc   1%          2
 Confusing Touch          Hex            86%        N/A       1%          3
 Mephitic Cloud           Conj/Alch/Air  87%        N/A       1%          3
 Sigil of Binding         Hex            86%        N/A       1%          3
 Swiftness                Air            59%        N/A       1%          3
 Teleport Other           Tloc           100%       N/A       1%          3
 Tukima's Dance           Hex            86%        N/A       1%          3
 Anguish                  Hex/Necr       59%        N/A       1%          4
 Dimensional Bullseye     Hex/Tloc       55%        N/A       1%          4
 Fulminant Prism          Conj/Alch      49%        3d21      1%          4
 Iskenderun's Mystic Bla  Conj/Tloc      100%       2d19      (+2d11%     4
 Maxwell's Portable Pile  Tloc           100%       2d(20-40) 1%          4
 Passage of Golubria      Tloc           100%       N/A       1%          4
 Summon Lightning Spire   Summ/Air       92%        N/A       1%          4
 Airstrike                Air            29%        2d(5-21)  2%          4
 Fireball                 Conj/Fire      56%        3d22      0%          5
 Lee's Rapid Deconstruct  Erth           65%        3d30*     0%          5
 Metabolic Englaciation   Hex/Ice        57%        N/A       0%          5
 Alistair's Intoxication  Alch           62%        N/A       1%          5
 Arcjolt                  Conj/Air       42%        1d52      1%          5
 Freezing Cloud           Conj/Ice/Air   52%        6-21      1%          5
 Irradiate                Conj/Alch      49%        3d28      1%          5
 Iskenderun's Battlesphe  Conj           100%       2d15      1%          5
 Silence                  Hex/Air        37%        N/A       1%          5
 Summon Forest            Summ/Tloc      63%        N/A       1%          5
 Yara's Violent Unravell  Hex/Alch       45%        3d18      1%          5
 Eringya's Noxious Bog    Alch           47%        4d6       1%          6
 Sculpt Simulacrum        Ice/Alch       58%        N/A       1%          6
 Starburst                Conj/Fire      56%        6d15      1%          6
 Summon Cactus Giant      Summ           57%        N/A       1%          6
 Monstrous Menagerie      Summ           57%        N/A       1%          7
 Summon Hydra             Summ           57%        N/A       1%          7
 Orb of Destruction       Conj           51%        9d13      2%          7
 Conjure Ball Lightning   Conj/Air       42%        3x3d15    4%          6
 Infestation              Necr           64%        N/A       11%         8
 Enfeeble                 Hex            43%        N/A       17%         7
 Fire Storm               Conj/Fire      56%        8d14      52%         9
 Chain Lightning          Conj/Air       42%        3d56      100%        9
 Sublimation of Blood     Necr           Unusable   N/A       N/A         2
 Cigotuvi's Dreadful Rot  Necr/Alch/Air  Unusable   N/A       N/A         2

Dungeon Overview and Level Annotations

Branches:
Dungeon (15/15)            Temple (1/1) D:6            Lair (5/5) D:10
  Swamp (4/4) Lair:2       Spider (0/4) Lair:2        Slime (5/5) Lair:5
    Orc (2/2) D:11            Elf (0/3) Orc:2        Vaults (5/5) D:14
  Crypt (0/3) Vaults:3     Depths (4/4) D:15           Hell (visited)
    Zot (5/5) Depths:4    Gauntlet (visited)
    Dis: Hell:1         Geh: Hell:1         Coc: Hell:1         Tar: Hell:1

Altars:
Ashenzari
Cheibriados
Dithmenos
Elyvilon
Fedhas
Gozag
Hepliaklqana
Kikubaaqudgha
Makhleb
Nemelex Xobeh
Okawaru
Qazlal
Ru
Sif Muna
Trog
Uskayaw
Vehumet
Wu Jian
Xom
Yredelemnul
Zin
The Shining One
Beogh
Jiyva

Shops:
D:2 [   Orc:2 =*:[   Vaults:5 ==

Portals:
Hell: Depths:1 Depths:2 Depths:3 Depths:4
Abyss: D:7 Depths:3
Pandemonium: Depths:2 Depths:4

Annotations:
D:7 2 transporters, Tanach's ghost, novice OpSh
Vaults:2 2 transporters, Vobeq's ghost, adept MDRe
Depths:3 4 transporters


Innate Abilities, Weirdness & Mutations

You are immune to sickness and miasma.
Your stone body is resilient. (AC +20)
You are immune to poison.
Your large and strong wings let you fly.
You resist negative energy. (rN+)
You are resistant to electric shocks. (rElec)
You are resistant to unholy torment.
You are immune to petrification.
You occasionally shout uncontrollably at your foes.
You occasionally lose the ability to read scrolls when taking damage.
Your health recovers twice as slowly from being drained.


Message History

The Executioner hits your freezing wraith but does no damage. x2
The Executioner hits your freezing wraith.
Your phantasmal warrior hits the Executioner!!
The Executioner's willpower is stripped away!
The Executioner hits your freezing wraith but does no damage.
The Executioner hits your freezing wraith!
The Executioner hits your freezing wraith.
Your freezing wraith misses the Executioner.
Your freezing wraith hits the Executioner!
The Executioner dies!
There is a stone staircase leading up here.
Your phantasmal warrior disappears in a puff of smoke!
Your freezing wraith disappears in a puff of smoke!
You fly upwards.
There is a stone staircase leading down here.
An Orb Guardian comes into view.
Casting: Haunt (mildly dangerous; 1% risk of failure)
Confirm with . or Enter, or press ? or * to list all spells.
The dungeon rumbles!
You kill the Orb Guardian!
Ka-crash!
There is a stone staircase leading up here.
You fly upwards.
There is a stone staircase leading down here.
What level of the Dungeon? (default 1, ? - help)
You sense a monster nearby.
You see here a +0 mace.
Magic restored.
There is a stone staircase leading up here.
You fly upwards.
There is a stone staircase leading down here.
What level of the Dungeon? (default 3, ? - help)
Things that are here:
a +0 dagger; 4 stones; a kobold skeleton
There is a stone staircase leading up here.
You fly upwards.
There is a stone staircase leading down here.
There is an open door here.
There is a staircase leading out of the dungeon here.
You have escaped!

### ##@## #...###
##.....## #.......###
#.........##
##..........###
#......ß......######
#.....##...........##
#.....##.....##.##..#


There were no monsters in sight!

Vanquished Creatures
  the Royal Jelly (Slime:5)
  2 orbs of fire
  2 pandemonium lords (Zig:12)
  Josephina (Zot:4)
  7 Killer Klowns
  Saint Roka (Vaults:5)
  2 golden dragons
  A bone dragon (Zig:9)
  An iron giant (Zig:5)
  2 Brimstone Fiends
  2 Tzitzimimeh (Zig:13)
  2 doom hounds (Hell)
  3 electric golems
  5 liches
  7 tentacled monstrosities
  2 Ice Fiends (Zig:10)
  A Hell Sentinel (D:13)
  16 Orb Guardians
  A walking frostbound tome (Zig:9)
  3 deep elf master archers
  A titan (Vaults:5)
  13 acid blobs
  An Executioner (Abyss:3)
  2 sphinxes
  2 death cobs
  Frances (D:14)
  5 azure jellies (Slime:5)
  5 tengu reavers
  6 shadow dragons
  A fenstrider witch (Swamp:3)
  3 draconian monks
  7 storm dragons
  3 fire giants
  2 rockslimes (Slime:5)
  A draconian knight (Zot:2)
  2 protean progenitors (Zig:12)
  3 nagarajas
  3 narguns (Zig:10)
  8 draconian shifters
  3 ghost moths
  An iron dragon (Zig:5)
  5 frost giants
  6 vault wardens
  Louise (D:15)
  A deep elf sorcerer (Vaults:1)
  4 draconian stormcallers
  3 draconian scorchers
  A cacodemon (D:7)
  6 ironbound preservers
  6 reapers
  5 spriggan defenders
  2 draconian annihilators
  A demonspawn corrupter (Zig:13)
  3 formless jellyfish
  A demonspawn blood saint (Zig:13)
  5 stone giants
  A Killer Klown zombie (Zig:12)
  3 quicksilver oozes
  22 very ugly things
  2 ironbound thunderhulks
  6 black draconians
  2 starcursed masses (Zig:9)
  5 white draconians
  6 yellow draconians
  7 green draconians
  2 vampire knights
  3 eleionomae
  3 lorocyprocas
  2 minotaurs
  5 spark wasps
  2 demonspawn black suns
  6 red draconians
  8 purple draconians
  4 dire elephants
  4 bunyips
  A deep elf annihilator (Vaults:5)
  3 wendigos (Zig:10)
  A blizzard demon (Zig:13)
  3 green deaths
  2 very ugly thing zombies
  7 ettins
  3 yaktaur captains
  A deep elf high priest (Vaults:5)
  2 fire dragons
  3 great orbs of eyes
  12 hydras
  3 spriggan air magi
  2 peacekeepers
  5 ogre magi
  A caustic shrike simulacrum (Depths:1)
  25 vault guards
  3 catoblepae
  8 centaur warriors
  3 ghost crabs
  An Orb Guardian zombie (Zot:5)
  2 ice dragons
  A rakshasa (Depths:1)
  3 hell beasts
  3 ironbound frosthearts
  3 radroaches (Depths:1)
  4 boulder beetles
  6 alligators
  A satyr (Zig:6)
  17 two-headed ogres
  9 dancing weapons
  2 anacondas
  6 deep troll earth magi
  A death yak (Lair:1)
  6 tengu warriors
  An occultist (Gauntlet)
  3 spriggan berserkers (Depths:2)
  A deep troll shaman (Depths:4)
  A demonic crawler (Hell)
  2 hell hogs (Hell)
  4 spriggans
  A thrashing horror (Abyss:3)
  2 naga sharpshooters (Zig:8)
  An orc high priest (Vaults:5)
  A sun demon (Depths:2)
  A naga warrior (Zig:8)
  A skeletal warrior (D:10)
  A goliath frog (Swamp:1)
  A spectral anaconda (Lair:5)
  6 large abominations
  3 iron trolls (Depths:4)
  A fire crab (Lair:4)
  2 sixfirhies (D:7)
  A death drake (Depths:1)
  A quicksilver dragon simulacrum (Zot:4)
  3 salamander mystics
  2 spriggan riders (Depths:2)
  3 mana vipers
  A spriggan druid (Swamp:1)
  2 sea snakes (Depths:1)
  18 deep trolls
  A shadow demon (Zig:13)
  52 slime creatures
  2 swamp dragons (Swamp:4)
  2 tengu zombies (Depths:1)
  4 obsidian statues
  A shadow dragon zombie (Depths:2)
  2 arcanists
  A phantasmal warrior (Depths:4)
  A harpy (shapeshifter) (D:13)
  A lightning spire (Swamp:1)
  An ugly thing zombie (Depths:2)
  4 ironbound convokers
  An obsidian bat (Orc:2)
  3 orange crystal statues
  4 deep elf pyromancers (Depths:1)
  A lindwurm (Vaults:3)
  3 orc knights
  5 cyclopes
  5 manticores
  4 necromancers
  3 orc sorcerers
  A wolf spider (shapeshifter) (Zig:4)
  3 wolf spiders
  7 moths of wrath
  2 will-o-the-wisps (Swamp:1)
  25 ugly things
  A draconian zombie (Zig:11)
  An oklob plant (Lair:1)
  2 salamanders
  A worldbinder (Depths:1)
  A cyclops (shapeshifter) (Zig:4)
  3 meliai (D:10)
  11 elephants (Lair:5)
  6 black mambas
  2 kobold blastminers (Zig:6)
  4 naga magi (Depths:1)
  3 orange demons
  4 rust devils (Hell)
  A vault sentinel (Vaults:5)
  2 ice statues (Zig:8)
  2 titan simulacra (Depths:1)
  2 torpor snails
  2 apocalypse crabs
  A gargoyle (D:7)
  3 hellions
  10 cane toads
  An eye of devastation (shapeshifter) (Vaults:5)
  A red draconian zombie (Zot:5)
  3 human skeletons (Vaults:3)
  Jeremiah (Lair:1)
  A minotaur zombie (Depths:3)
  A kobold demonologist (D:9)
  A yellow draconian zombie (Zot:2)
  7 yaktaurs
  An iron troll zombie (Depths:4)
  2 unseen horrors
  A catoblepas zombie (Depths:3)
  11 komodo dragons
  A purple draconian zombie (Zig:11)
  An efreet (D:14)
  A green draconian zombie (Zot:5)
  A rime drake (Lair:2)
  4 freezing wraiths
  A golden dragon simulacrum (Zot:4)
  A tengu conjurer (Depths:2)
  A queen bee (shapeshifter) (D:15)
  11 hornets
  A tarantella (shapeshifter) (Vaults:5)
  5 trolls
  Prince Ribbit (D:5)
  A bloated husk (Swamp:4)
  A demonic crawler zombie (Hell)
  A tarantella (Depths:1)
  An ettin zombie (Depths:1)
  5 polar bears
  A raiju (Abyss:3)
  A moth of wrath zombie (Zot:4)
  26 blink frogs
  2 deep troll zombies (Depths:4)
  2 tyrant leeches
  A spectral elephant (Lair:5)
  6 dream sheep (Lair:4)
  An elf skeleton (Vaults:3)
  Sigmund (D:2)
  4 shadows
  A water elemental (Depths:1)
  27 yaks
  A culicivora (shapeshifter) (Vaults:5)
  A black mamba zombie (Zig:8)
  5 wyverns
  3 wraiths
  A vampire (D:10)
  3 golden eyes
  4 basilisks
  2 redbacks (Lair:2)
  A basilisk (shapeshifter) (D:13)
  7 wargs
  2 steam dragons
  10 vampire mosquitoes
  A death yak simulacrum (Lair:5)
  A red draconian simulacrum (Zot:4)
  2 chaos spawn
  A swamp worm (shapeshifter) (Zig:4)
  8 swamp worms
  2 acid dragons
  A hydra simulacrum (Hell)
  4 nagas (Zig:7)
  4 hell hounds (Hell)
  15 water moccasins
  2 moth of wrath simulacra (Zot:4)
  6 swamp drakes
  12 orc warriors
  2 sky beasts (D:7)
  2 ice beasts (D:7)
  17 wolves
  11 centaurs
  13 ogres
  A boggart (Depths:1)
  A blink frog zombie (Depths:1)
  2 phantoms (D:6)
  4 kobold brigands
  15 bullfrogs
  An earth elemental (Zig:5)
  4 hell hound zombies (Hell)
  2 scorpions
  A glowing shapeshifter simulacrum (Depths:1)
  A cane toad simulacrum (Lair:5)
  9 wights
  A hornet simulacrum (D:15)
  2 spriggan zombies (Depths:2)
  20 killer bees
  A snapping turtle simulacrum (Depths:1)
  2 bombardier beetles
  11 orc priests
  2 gnoll boudas
  A jelly (D:6)
  7 hounds
  A sleepcap (D:5)
  Jessica (D:3)
  Ijyb (D:3)
  7 iguanas
  24 orc wizards
  Terence (D:3)
  3 nameless horrors
  13 gnolls
  6 adders
  3 shadow imps
  2 white imps
  An ufetubus (D:6)
  3 dart slugs (D:1)
  65 orcs
  4 endoplasms (D:3)
  5 giant cockroaches
  2 goblins
  4 hobgoblins (D:1)
  2 jackals (D:4)
  4 quokkas
  A ball python (D:1)
  3 bats
  12 kobolds
  5 rats
  5 aspiring fleshes (Zig:12)
  2 snaplasher vines (D:14)
1250 creatures vanquished.

Vanquished Creatures (collateral kills)
  3 dread liches
  An ancient lich (Zot:5)
  An orb of fire (Zot:5)
  Mara (Vaults:4)
  Mennas (Depths:3)
  Sojobo (Depths:1)
  Parghit (Depths:3)
  A Killer Klown (Zot:5)
  Geryon (Hell)
  6 caustic shrikes
  A curse toe (Zot:5)
  5 golden dragons
  A profane servitor (Zig:9)
  A bone dragon (Depths:1)
  A Brimstone Fiend (Zig:14)
  An electric golem (Zot:5)
  3 pandemonium lords
  3 tentacled monstrosities
  4 liches
  10 Orb Guardians (Zot:5)
  5 titans
  2 quicksilver dragons
  2 sphinxes
  An eldritch tentacle (Depths:1)
  An ancient champion (Vaults:3)
  2 tentacled starspawn (Abyss:4)
  13 acid blobs
  3 death cobs
  An Executioner (D:5)
  3 thorn hunters
  8 tengu reavers
  The ghost of Ytoxtayn the Fencer, an adept CoBe of Trog (D:15)
  7 shadow dragons
  3 draconian monks
  8 storm dragons
  A nagaraja (Zig:7)
  A fenstrider witch (Swamp:4)
  9 rockslimes (Slime:5)
  2 draconian knights
  6 frost giants
  9 vault wardens
  5 azure jellies
  10 fire giants
  2 deep elf sorcerers
  4 draconian scorchers
  3 iron dragons
  6 spectral caustic shrikes (Depths:1)
  3 balrugs (Zig:14)
  17 ironbound preservers
  4 orc warlords
  The ghost of Yclun the Markskobold, an adept KoHu of Hepliaklqana (Swamp:4)
  5 formless jellyfish
  15 very ugly things
  4 quicksilver oozes (Slime:5)
  7 ironbound thunderhulks
  2 vampire knights
  15 stone giants
  3 green draconians
  2 black draconians
  2 deep elf demonologists (Vaults:5)
  A deep elf death mage (Vaults:5)
  5 dire elephants (Vaults:1)
  2 wendigos (Zig:10)
  2 eleionomae
  3 yellow draconians
  2 minotaurs (Depths:3)
  7 red draconians
  4 spark wasps
  2 white draconians
  3 war gargoyles
  4 bunyips
  A purple draconian (Zot:5)
  2 crystal guardians
  4 fire dragons
  A shambling mangrove (Swamp:3)
  11 ettins
  12 yaktaur captains
  A green death (Hell)
  2 entropy weavers (Vaults:1)
  A rakshasa (Depths:3)
  A deep elf high priest (Vaults:5)
  13 vault guards
  Harold (Orc:1)
  8 hydras
  10 great orbs of eyes
  2 salamander tyrants
  2 caustic shrike simulacra (Depths:1)
  A catoblepas (D:13)
  3 spriggan air magi
  3 peacekeepers
  A spriggan skeleton (Depths:1)
  A ghost crab (Depths:1)
  8 ironbound frosthearts
  6 alligators
  4 tengu warriors
  4 ice dragons
  19 centaur warriors
  A sphinx skeleton (Depths:1)
  2 ogre magi
  A boulder beetle (Vaults:1)
  5 two-headed ogres (Orc:2)
  A deep troll shaman (Depths:4)
  2 deep troll earth magi
  A dancing weapon (Zig:10)
  Urug (D:11)
  A vampire mage (Depths:2)
  A spriggan berserker (Depths:2)
  An occultist (Depths:2)
  A sun demon (Hell)
  A hell knight (Depths:4)
  A naga warrior (Zig:7)
  Sonja (D:13)
  A storm dragon skeleton (Depths:1)
  A salamander mystic (Depths:4)
  43 deep trolls
  2 skeletal warriors (Vaults:3)
  A spectral death yak (Lair:5)
  A death drake (Depths:1)
  2 fire crabs (Depths:1)
  4 iron trolls
  A goliath frog (Swamp:1)
  An anaconda zombie (Hell)
  2 spriggan druids
  A spatial maelstrom (Abyss:3)
  2 sun moths (Depths:1)
  A deep troll (shapeshifter) (Depths:4)
  3 arcanists
  3 lindwurms
  3 glowing orange brains
  7 swamp dragons
  10 ironbound convokers
  2 phantasmal warriors
  A bog body (Swamp:3)
  A necromancer (Vaults:3)
  6 ugly things
  3 orc knights
  3 lightning spires (Swamp:1)
  3 will-o-the-wisps
  A manticore (D:13)
  A faun (Zig:6)
  An orc sorcerer (Orc:1)
  2 worldbinders (Depths:1)
  2 shining eyes
  A salamander (Depths:4)
  2 molten gargoyles (Depths:1)
  An apocalypse crab (Abyss:4)
  3 kobold blastminers
  3 naga magi
  A rust devil (Hell)
  8 elephants (Lair:5)
  7 moths of wrath
  2 eyes of devastation (Slime:5)
  2 ice statues (Depths:1)
  19 vault sentinels
  A gargoyle (D:13)
  A minotaur zombie (Depths:3)
  A stone giant skeleton (Vaults:3)
  A cane toad (Lair:5)
  A black mamba (Zig:7)
  2 smoke demons (Abyss:3)
  A dire elephant skeleton (Lair:5)
  A sea snake zombie (Hell)
  A kobold demonologist (D:11)
  2 tengu conjurers (D:15)
  2 rime drakes
  A bunyip simulacrum (Depths:1)
  A freezing wraith (Zig:10)
  25 yaktaurs
  3 ancient zymes
  A tarantella (Depths:1)
  4 tyrant leeches
  3 hornets
  4 blink frogs
  3 glass eyes (Depths:2)
  2 ettin skeletons (Vaults:3)
  52 slime creatures
  5 spriggans
  3 water elementals
  2 yaks (Lair:5)
  2 wargs (Orc:1)
  A death yak simulacrum (Lair:5)
  A neqoxec (Abyss:3)
  6 vampire mosquitoes
  4 golden eyes
  2 redbacks
  2 elf skeletons (Vaults:3)
  2 swamp worms
  3 spatial vortices
  2 water moccasins
  A glowing shapeshifter skeleton (Vaults:3)
  4 orc warriors
  7 swamp drakes
  A fire dragon simulacrum (Depths:1)
  17 ogres
  4 human skeletons (Vaults:3)
  2 boggarts (Depths:1)
  31 wolves
  3 centaurs
  An elephant skeleton (Lair:5)
  A kobold brigand (D:11)
  2 bullfrogs (Lair:2)
  A cane toad simulacrum (Lair:5)
  2 snapping turtle simulacra (Depths:1)
  A lava snake (Depths:1)
  5 orc priests
  2 starcursed masses (Abyss:3)
  7 orc wizards
  A boggart simulacrum (D:14)
  A shadow imp (Gauntlet)
  3 white imps (Gauntlet)
  26 orcs
  2 kobolds (D:11)
  3 starspawn tentacles (Abyss:4)
863 creatures vanquished.

Vanquished Creatures (others)
  A dread lich (Vaults:5)
  A Killer Klown (Zig:12)
  2 Brimstone Fiends (Zig:13)
  A tentacled monstrosity (Zot:5)
  6 eldritch tentacles
  A demonspawn warmonger (Zig:13)
  A protean progenitor (Zig:12)
  A jelly zombie (Slime:5)
  A caustic shrike zombie (Depths:2)
  A reaper (Zig:13)
  A Killer Klown zombie (Zig:12)
  A war gargoyle (Vaults:5)
  A white draconian (Zot:2)
  A blizzard demon (Zig:13)
  3 acid blob zombies (Slime:5)
  13 very ugly thing zombies
  8 spriggan zombies
  A rakshasa (Depths:2)
  A sphinx zombie (Vaults:3)
  4 Orb Guardian zombies (Zot:5)
  2 azure jelly zombies (Depths:1)
  A deep troll shaman (Depths:1)
  2 quicksilver ooze zombies (Slime:5)
  3 storm dragon zombies
  An iron troll (shapeshifter) (Zig:12)
  4 ogre zombies
  2 spark wasp zombies (Depths:3)
  A golden dragon zombie (Zot:4)
  A ghost moth zombie (Zot:4)
  5 tengu zombies
  2 shadow dragon zombies
  3 stone giant zombies
  6 ugly thing zombies
  A dancing weapon (D:13)
  4 fire giant zombies
  5 frost giant zombies
  5 draconian zombies
  A wolf spider zombie (Vaults:5)
  An apocalypse crab (Zig:12)
  6 centaur zombies
  3 salamander zombies
  3 demonspawn zombies (Zig:13)
  A white draconian zombie (Zot:5)
  4 purple draconian zombies
  2 yellow draconian zombies (Zot:5)
  3 elf zombies
  A black draconian zombie (Zot:2)
  29 human zombies
  4 red draconian zombies (Zot:5)
  A minotaur zombie (Depths:3)
  3 green draconian zombies
  3 iron troll zombies
  A catoblepas zombie (Depths:3)
  4 great orb of eyes zombies
  A red devil (Hell)
  3 bloated husks (Swamp:1)
  A culicivora zombie (Vaults:5)
  A fire dragon zombie (Depths:4)
  2 ice dragon zombies
  6 ettin zombies
  A black mamba zombie (Zig:7)
  A spriggan (Depths:2)
  15 slime creature zombies
  21 deep troll zombies
  6 hornet zombies
  3 blink frog zombies
  5 orc zombies (Vaults:5)
  2 apocalypse crab zombies (Zig:12)
  10 yaktaur zombies
  2 naga zombies
  An aspiring flesh (Zig:12)
  3 ball lightnings (Zig:12)
  A butterfly (D:7)
  11 foxfires (Swamp:1)
  24 snaplasher vines
  4 starspawn tentacles
292 creatures vanquished.

Grand Total: 2405 creatures vanquished

Notes
Turn   | Place    | Note
-------+----------+-------------------------------------------
     0 | D:1      | Draconius the Gargoyle Earth Elementalist began the quest
                  | for the Orb.
     0 | D:1      | Reached XP level 1. HP: 10/10 MP: 3/3
   266 | D:1      | Reached XP level 2. HP: 15/15 MP: 3/5
   961 | D:1      | Reached XP level 3. HP: 19/19 MP: 4/6
  1102 | D:1      | Learned a level 3 spell: Stone Arrow
  1293 | D:2      | Found Capier's Armour Emporium.
  1331 | D:2      | Noticed Sigmund
  1364 | D:2      | Killed Sigmund
  1365 | D:2      | Reached XP level 4. HP: 24/24 MP: 2/7
  1365 | D:2      | Reached XP level 5. HP: 28/28 MP: 2/8
  1914 | D:3      | Reached XP level 6. HP: 33/33 MP: 4/9
  2023 | D:3      | Noticed Ijyb
  2026 | D:3      | Killed Ijyb
  2194 | D:3      | Noticed Terence
  2210 | D:3      | Killed Terence
  2211 | D:3      | Reached skill level 1 in Fighting
  2450 | D:3      | Noticed Jessica
  2452 | D:3      | Killed Jessica
  2933 | D:3      | Reached XP level 7. HP: 34/38 MP: 2/10
  3351 | D:4      | Reached skill level 1 in Alchemy
  3917 | D:5      | Entered Level 5 of the Dungeon
  4028 | D:5      | Reached skill level 1 in Armour
  4243 | D:5      | Noticed Prince Ribbit
  4250 | D:5      | Killed Prince Ribbit
  4251 | D:5      | Reached XP level 8. HP: 45/45 MP: 1/12
  4346 | D:5      | Reached skill level 1 in Hexes
  4695 | D:5      | Found a basalt altar of Yredelemnul.
  4697 | D:5      | Found a broken altar of Ashenzari.
  4729 | D:5      | Became a worshipper of Ashenzari the Shackled
  5291 | D:5      | Reached skill level 5 in Conjurations
  5542 | D:5      | Found a burning altar of Makhleb.
  5806 | D:5      | Found an ornate altar of the Wu Jian Council.
  5963 | D:6      | Found a staircase to the Ecumenical Temple.
  5974 | Temple   | Entered the Ecumenical Temple
  6080 | D:6      | Reached XP level 9. HP: 52/52 MP: 10/15
  7086 | D:6      | Reached * piety under Ashenzari
  7245 | D:6      | Learned a level 4 spell: Petrify
  7249 | D:6      | Learned a level 3 spell: Tukima's Dance
  7359 | D:7      | Noticed an ancient zyme
  7511 | D:7      | Noticed a two-headed ogre
  7523 | D:7      | Killed a two-headed ogre
  7524 | D:7      | Reached skill level 10 in Earth Magic
  7524 | D:7      | Reached skill level 1 in Evocations
  7652 | D:7      | Found a transporter.
  7655 | D:7      | Found a transporter.
  7663 | D:7      | Found a one-way gate to the infinite horrors of the Abyss.
  7663 | D:7      | Noticed Tanach's ghost (novice OpSh)
  7676 | D:7      | Reached skill level 5 in Fighting
  7686 | D:7      | Reached ** piety under Ashenzari
  7801 | D:7      | Noticed a gargoyle
  7807 | D:7      | Killed a gargoyle
  7808 | D:7      | Reached skill level 5 in Spellcasting
  7808 | D:7      | Reached XP level 10. HP: 52/61 MP: 9/20
  7878 | D:7      | Found a faded altar of an unknown god.
  7881 | D:7      | Found a hazy altar of Hepliaklqana.
  8081 | D:7      | Found a snail-covered altar of Cheibriados.
  8086 | D:7      | Found a glowing golden altar of the Shining One.
  8087 | D:7      | Found a shimmering altar of Xom.
  8368 | D:7      | Found a white marble altar of Elyvilon.
  8790 | D:7      | Found a sacrificial altar of Ru.
 10224 | D:8      | Reached *** piety under Ashenzari
 10474 | D:8      | Reached skill level 1 in Summonings
 10670 | D:9      | Identified the +0 scale mail of Founolu {rF++}
 10876 | D:9      | Reached skill level 1 in Necromancy
 10916 | D:9      | Reached **** piety under Ashenzari
 11033 | D:9      | Noticed a kobold demonologist
 11084 | D:9      | Reached XP level 11. HP: 72/72 MP: 11/24
 11278 | D:9      | Reached skill level 1 in Shields
 11467 | D:9      | Identified the ring "Xeseu" {Fire rN++ Will-}
 11760 | D:9      | Found a blossoming altar of Fedhas.
 11808 | D:9      | Found a hide-covered altar of Uskayaw.
 11831 | D:9      | Found a stormy altar of Qazlal.
 11929 | D:10     | Entered Level 10 of the Dungeon
 12325 | D:10     | Noticed a skeletal warrior
 12716 | D:10     | Reached skill level 5 in Armour
 12814 | D:10     | Reached skill level 5 in Hexes
 12841 | D:10     | Noticed a boulder beetle
 12855 | D:10     | Killed a boulder beetle
 12969 | D:10     | Noticed a manticore
 12972 | D:10     | Killed a manticore
 13007 | D:10     | Noticed a manticore
 13125 | D:10     | Killed a manticore
 13306 | D:9      | Learned a level 5 spell: Yara's Violent Unravelling
 13368 | D:10     | Noticed a two-headed ogre
 13373 | D:10     | Killed a two-headed ogre
 13471 | D:10     | Learned a level 4 spell: Iskenderun's Mystic Blast
 13499 | D:10     | Found a staircase to the Lair.
 13621 | D:10     | Reached skill level 1 in Translocations
 13621 | D:10     | Reached XP level 12. HP: 73/80 MP: 11/26
 14051 | Lair:1   | Entered Level 1 of the Lair of Beasts
 14303 | Lair:1   | Noticed a catoblepas
 14313 | Lair:1   | Killed a catoblepas
 14314 | Lair:1   | Reached skill level 5 in Summonings
 14495 | Lair:1   | Noticed a death yak
 14526 | Lair:1   | Killed a death yak
 15872 | Lair:1   | Noticed Jeremiah
 15878 | Lair:1   | Killed Jeremiah
 17016 | Lair:1   | Learned a level 5 spell: Summon Forest
 17123 | Lair:2   | Reached skill level 5 in Alchemy
 17123 | Lair:2   | Reached XP level 13. HP: 79/87 MP: 15/28
 17784 | D:2      | Bought a +1 cloak of preservation for 231 gold pieces
 18071 | Lair:2   | Found a hole to the Spider Nest.
 18180 | Lair:2   | Identified the +8 sling of the Eleven Persimmons {heavy,
                  | rPois rN++ Str-3}
 18317 | Lair:2   | Found a staircase to the Swamp.
 18456 | Lair:2   | Found a basalt altar of Yredelemnul.
 20377 | Lair:4   | Reached skill level 10 in Fighting
 21035 | Lair:5   | Entered Level 5 of the Lair of Beasts
 21062 | Lair:5   | Reached ***** piety under Ashenzari
 21210 | Lair:5   | Gained mutation: Your large and strong wings let you fly.
                  | [Gargoyle growth]
 21210 | Lair:5   | Reached XP level 14. HP: 94/94 MP: 19/30
 21320 | Lair:5   | Reached skill level 10 in Spellcasting
 21700 | Lair:5   | Found a viscous altar of Jiyva.
 21700 | Lair:5   | Found a staircase to the Slime Pits.
 21834 | Lair:5   | Noticed a dire elephant
 22042 | Lair:5   | Noticed a dire elephant
 22050 | Lair:5   | Killed a dire elephant
 22051 | Lair:5   | Reached skill level 5 in Translocations
 22774 | Lair:5   | Killed a dire elephant
 23409 | D:11     | Found a staircase to the Orcish Mines.
 24064 | D:11     | Noticed Urug
 24078 | D:11     | Killed Urug
 25734 | D:12     | Reached XP level 15. HP: 101/101 MP: 20/33
 26275 | D:13     | Noticed Sonja
 26282 | D:13     | Killed Sonja
 26404 | D:13     | Learned a level 5 spell: Irradiate
 26860 | D:13     | Noticed a shadow dragon
 26874 | D:13     | Noticed a tengu reaver
 26877 | D:13     | Noticed a tengu reaver
 26890 | D:13     | Killed a tengu reaver
 26893 | D:13     | Killed a tengu reaver
 26898 | D:13     | Reached skill level 5 in Evocations
 27514 | D:13     | Found the crystal ball of Wucad Mu {*channel}
 28032 | D:13     | Killed a shadow dragon
 28121 | D:14     | Noticed Frances
 28127 | D:14     | Killed Frances
 28301 | D:14     | Found a gate to the Vaults.
 29437 | D:15     | Entered Level 15 of the Dungeon
 29451 | D:15     | Reached skill level 10 in Summonings
 29716 | D:15     | Learned a level 6 spell: Death Channel
 29786 | D:15     | Reached XP level 16. HP: 108/108 MP: 27/35
 29946 | D:15     | Noticed Louise
 29974 | Abyss:3  | Cast into level 3 of the Abyss (Louise)
 29982 | D:15     | Escaped the Abyss
 29995 | D:15     | Killed Louise
 30275 | D:15     | Found a runed translucent door.
 30275 | D:15     | Noticed Ytoxtayn's ghost (adept CoBe)
 30275 | D:15     | Identified the +6 long sword of the Exiled Brambles {flame,
                  | Str+3}
 30290 | D:15     | Killed Ytoxtayn's ghost
 31081 | D:15     | Found a staircase to the Depths.
 31091 | D:15     | Reached skill level 5 in Necromancy
 31432 | Orc:1    | Entered Level 1 of the Orcish Mines
 31464 | Orc:1    | Found a roughly hewn altar of Beogh.
 31791 | Orc:1    | Noticed Harold
 31797 | Orc:1    | Killed Harold
 31945 | Orc:2    | Entered Level 2 of the Orcish Mines
 31970 | Orc:2    | Found a gate leading to a gauntlet.
 31978 | Gauntlet | Entered a Gauntlet
 31978 | Gauntlet | Found a transporter.
 31978 | Gauntlet | Found a transporter.
 32034 | Gauntlet | Found a transporter.
 32034 | Gauntlet | Identified the +2 pair of boots "Foenole" {rF- rC- Regen+
                  | Dex+8}
 32038 | Gauntlet | Found a transporter.
 32050 | Gauntlet | Found a transporter.
 32066 | Gauntlet | Found a large runed translucent door.
 32067 | Gauntlet | Found a large runed translucent door.
 32068 | Gauntlet | Found a large runed translucent door.
 32068 | Gauntlet | Found a large runed translucent door.
 32069 | Gauntlet | Found a runed translucent gate.
 32070 | Gauntlet | Found a transporter.
 32070 | Gauntlet | Found a runed translucent gate.
 32071 | Gauntlet | Found a runed translucent gate.
 32072 | Gauntlet | Found a large runed translucent door.
 32072 | Gauntlet | Found a large runed translucent door.
 32073 | Gauntlet | Found a large runed translucent door.
 32074 | Gauntlet | Found a large runed translucent door.
 32076 | Gauntlet | Found a transporter.
 32084 | Gauntlet | Found a transporter.
 32102 | Gauntlet | Found a transporter.
 32110 | Gauntlet | Found a transporter.
 32128 | Gauntlet | Found a transporter.
 32154 | Gauntlet | Found a transporter.
 32158 | Gauntlet | Found a large runed translucent door.
 32159 | Gauntlet | Found a large runed translucent door.
 32160 | Gauntlet | Found a large runed translucent door.
 32160 | Gauntlet | Found a large runed translucent door.
 32160 | Gauntlet | Found a runed translucent door.
 32160 | Gauntlet | Found a runed translucent door.
 32162 | Gauntlet | Found a large runed translucent door.
 32162 | Gauntlet | Found a large runed translucent door.
 32163 | Gauntlet | Found a large runed translucent door.
 32164 | Gauntlet | Found a large runed translucent door.
 32729 | Gauntlet | Identified the +0 pair of gloves "Cuics" {^Drain Str+3
                  | Int+5}
 32875 | Orc:2    | Found Uxzit's Jewellery Boutique.
 32875 | Orc:2    | Found Xoitz's Book Emporium.
 32880 | Orc:2    | Found Fisaum's General Store.
 32880 | Orc:2    | Found Wos Kefu's Antique Armour Shop.
 33556 | Orc:2    | Bought a book of Dangerous Friends for 420 gold pieces
 33561 | Orc:2    | Bought the amulet "Rerethrea" {Regen+ Dex+2} for 576 gold
                  | pieces
 33569 | Orc:2    | Bought a scroll of poison for 48 gold pieces
 33569 | Orc:2    | Bought the +1 pair of boots "Mireg" {rF+ Regen+} for 282
                  | gold pieces
 33585 | Orc:2    | Learned a level 7 spell: Spellforged Servitor
 33587 | Orc:2    | Found a staircase to the Elven Halls.
 34745 | Swamp:1  | Entered Level 1 of the Swamp
 34996 | Swamp:1  | Reached XP level 17. HP: 108/115 MP: 15/36
 35193 | Swamp:1  | Reached skill level 1 in Fire Magic
 35479 | Swamp:1  | Learned a level 7 spell: Haunt
 36057 | Swamp:2  | Noticed a tentacled monstrosity
 36069 | Swamp:2  | Killed a tentacled monstrosity
 37064 | Swamp:3  | Learned a level 2 spell: Blink
 37852 | Swamp:3  | Identified the ring of the Amoeba {rF+ MP+9}
 38058 | Swamp:4  | Entered Level 4 of the Swamp
 38285 | Swamp:4  | Found a runed translucent door.
 38286 | Swamp:4  | Noticed Yclun's ghost (adept KoHu)
 38301 | Swamp:4  | Killed Yclun's ghost
 38923 | Swamp:4  | Reached XP level 18. HP: 109/122 MP: 3/38
 39240 | Swamp:4  | Got a decaying rune of Zot
 39770 | Vaults:1 | Entered Level 1 of the Vaults
 39776 | Vaults:1 | Learned a level 4 spell: Animate Dead
 40093 | Vaults:1 | Paralysed by a sphinx for 5 turns
 40257 | Vaults:1 | Reached skill level 5 in Fire Magic
 40443 | Vaults:1 | Identified the +1 helmet of the Last Blessings {Int+2
                  | Dex+3}
 40443 | Vaults:1 | Identified the ring of Erekeel {Fly rPois rF+ rC+ Dex+4}
 40444 | Vaults:1 | Identified the ring "Untaluro" {rN+ Will+ Str-4 Int+2
                  | Slay+6}
 40445 | Vaults:1 | Identified the Cyclopedia of Breezy Bombardment
 40445 | Abyss:3  | Cast into level 3 of the Abyss (a deep elf sorcerer)
 40457 | Abyss:3  | Found a corrupted altar of Lugonu.
 40532 | Vaults:1 | Escaped the Abyss
 41771 | Vaults:2 | Reached XP level 19. HP: 131/132 MP: 29/41
 42340 | Vaults:2 | Identified the ring "Vettimpo" {Fire rPois Will++ Int-4
                  | Dex-5}
 42342 | Vaults:2 | Noticed Vobeq's ghost (adept MDRe)
 42350 | Vaults:2 | Found a transporter.
 42353 | Vaults:2 | Found a transporter.
 42765 | Vaults:2 | Identified the +2 pair of gloves of the Candlemaker {Dex+3
                  | Slay+2}
 42925 | Vaults:2 | Reached skill level 15 in Fighting
 43329 | Vaults:3 | Reached ****** piety under Ashenzari
 43608 | Vaults:3 | Learned a level 8 spell: Ignition
 44012 | Vaults:3 | Found a staircase to the Crypt.
 45928 | Vaults:4 | Reached XP level 20. HP: 144/144 MP: 31/44
 46061 | Vaults:4 | Identified a scroll of acquirement
 46068 | Vaults:4 | Acquired the staff "Usuajo" {rElec rC+ rN+ Int+4 Necro
                  | Tloc}
 46363 | Vaults:4 | Reached skill level 15 in Spellcasting
 46404 | Vaults:4 | Reached skill level 10 in Fire Magic
 46472 | Vaults:4 | Reached skill level 5 in Dodging
 46791 | Vaults:4 | Noticed Mara
 46795 | Vaults:4 | Noticed Draconius's illusion
 46801 | Vaults:4 | Killed Mara
 47405 | Vaults:4 | Paralysed by a sphinx for 3 turns
 47625 | Vaults:5 | Entered Level 5 of the Vaults
 47637 | Vaults:5 | Noticed Saint Roka
 47647 | Vaults:5 | Killed Saint Roka
 47648 | Vaults:5 | Reached XP level 21. HP: 136/149 MP: 14/45
 47657 | Vaults:5 | Noticed a dread lich
 47660 | Vaults:5 | Noticed a golden dragon
 47665 | Vaults:5 | Killed a dread lich
 47680 | Vaults:5 | Killed a golden dragon
 47714 | Vaults:5 | Your ally Saint Roka died
 47742 | Vaults:5 | Identified the ring "Kuhunaoll" {rF+ rCorr Slay+4}
 47798 | Vaults:5 | Found Sabiju's Jewellery Emporium.
 47799 | Vaults:5 | Found Wingow Wugg's Jewellery Boutique.
 47935 | Abyss:3  | Cast into level 3 of the Abyss (a deep elf demonologist)
 47998 | Abyss:3  | Found a corrupted altar of Lugonu.
 48021 | Abyss:3  | Found a corrupted altar of Lugonu.
 48107 | Abyss:3  | Found a corrupted altar of Lugonu.
 48168 | Abyss:4  | Reached skill level 15 in Earth Magic
 48170 | Vaults:5 | Escaped the Abyss
 48578 | Vaults:5 | Identified the +5 chain mail of Ashenzari's Esteem {rPois
                  | Int+4 Dex-2 Stlth+}
 48624 | Vaults:5 | Got a silver rune of Zot
 48874 | Vaults:5 | Learned a level 9 spell: Shatter
 48913 | Vaults:5 | Identified the +1 orcbow of Wuac {freeze, *Corrode rElec
                  | Int+3}
 48937 | Vaults:5 | Reached XP level 22. HP: 156/156 MP: 47/47
 49053 | Vaults:5 | Acquired the +3 hat of Pondering {ponderous, Will+ MP+10
                  | Int+5}
 49053 | Vaults:5 | Found the +3 hat of Pondering {ponderous, Will+ MP+10
                  | Int+5}
 49142 | Vaults:5 | Identified the Spellbook of Excavation
 49653 | Vaults:5 | Noticed a dread lich
 49661 | Vaults:5 | Killed a dread lich
 49933 | Depths:1 | Entered Level 1 of the Depths
 49938 | Depths:1 | Identified the Tome of Resurrection
 49948 | Depths:1 | Reached skill level 5 in Stealth
 49963 | Depths:1 | Noticed Sojobo
 49975 | Depths:1 | Killed Sojobo
 49977 | Depths:1 | Identified the Grimoire of Freezing
 50245 | Depths:1 | Identified the Tome of Pyromancy
 50349 | Depths:1 | Found a gateway to Hell.
 50592 | Depths:1 | Identified the Essays on the Comitatus
 50878 | Depths:1 | Identified the Handbook of Reagents
 50885 | Depths:1 | Your ally Sojobo died
 51037 | Depths:1 | Identified the +4 chain mail of Spring Thaw {Dex+5}
 51052 | Depths:1 | Identified Yrutaeqehys's Thoughts on Wanderlust
 51083 | Depths:1 | Learned a level 7 spell: Malign Gateway
 51452 | Hell     | Entered the Vestibule of Hell
 51452 | Hell     | Noticed Geryon
 51463 | Hell     | Killed Geryon
 51822 | Depths:2 | Reached XP level 23. HP: 156/168 MP: 32/51
 51903 | Depths:2 | Noticed a caustic shrike
 51924 | Depths:2 | Killed a caustic shrike
 52317 | Depths:2 | Reached skill level 10 in Armour
 52345 | Depths:2 | Noticed a golden dragon
 52792 | Depths:2 | Noticed a caustic shrike
 52795 | Depths:2 | Noticed a caustic shrike
 52802 | Depths:2 | Killed a caustic shrike
 52809 | Depths:2 | Identified the +9 glaive of Doomed Courage {holy, Fly rC+
                  | Will- Dex+7}
 52809 | Depths:2 | Noticed a caustic shrike
 52811 | Depths:2 | Killed a caustic shrike
 52817 | Depths:2 | Killed a caustic shrike
 52831 | Depths:2 | Noticed a caustic shrike
 52841 | Depths:2 | Killed a caustic shrike
 53070 | Depths:2 | Identified the +2 whip "Muitsaem" {drain, rCorr Str+4}
 53285 | Depths:2 | Identified the +10 chain mail of Moral Flaws {+Inv Dex+2}
 53288 | Depths:2 | Identified the +9 long sword of Karma {flame, ^Fragile
                  | rElec rCorr Dex+7}
 53798 | Depths:2 | Found a one-way gateway to a ziggurat.
 53975 | Depths:2 | Found a one-way gate leading to the halls of Pandemonium.
 54329 | Depths:2 | Killed a golden dragon
 54442 | Zig:1    | Entered Level 1 of a ziggurat
 54477 | Zig:2    | Entered Level 2 of a ziggurat
 54477 | Zig:2    | Identified the +9 flail "Ustewu Hozu" {vamp, rN+ rCorr
                  | Int-4 Dex+6}
 54528 | Zig:3    | Entered Level 3 of a ziggurat
 54528 | Zig:3    | Identified the ring of Lixa {rN+ AC+4 SInv Stlth+}
 54537 | Zig:3    | Reached skill level 1 in Ice Magic
 54547 | Zig:3    | Reached XP level 24. HP: 115/176 MP: 2/52
 54721 | Zig:4    | Entered Level 4 of a ziggurat
 54721 | Zig:4    | Noticed a Killer Klown
 54721 | Zig:4    | Identified the +1 tower shield of Distant Worlds {Dex+6}
 54723 | Zig:4    | Killed a Killer Klown
 54786 | Zig:5    | Entered Level 5 of a ziggurat
 54791 | Zig:5    | Noticed a caustic shrike
 54799 | Zig:5    | Killed a caustic shrike
 54918 | Zig:6    | Entered Level 6 of a ziggurat
 54924 | Zig:6    | Identified the staff "Reidghe" {rElec rPois rC+ Will+ Ice
                  | Air}
 55027 | Zig:7    | Entered Level 7 of a ziggurat
 55034 | Zig:7    | Identified the +0 chain mail of Vehumet's Favour {rPois
                  | Dex+6}
 55034 | Zig:7    | Identified the +6 dagger of Brawling {drain, rC+}
 55142 | Zig:8    | Entered Level 8 of a ziggurat
 55152 | Zig:8    | Identified the +0 chain mail of Elyvilon's Scorn {rElec
                  | rF+}
 55153 | Zig:8    | Identified the Compendium of Maleficent Magicks and
                  | Freezing
 55304 | Zig:9    | Entered Level 9 of a ziggurat
 55310 | Zig:9    | Identified the ring of Ydaimian {Fly MP+9 Str+6}
 55311 | Zig:9    | Identified the staff "Ipugas" {rC+ Will+ Earth}
 55311 | Zig:9    | Identified the +1 glaive "Mucley" {vamp, Str+4 Dex-3}
 55316 | Zig:9    | Reached skill level 5 in Shields
 55474 | Zig:10   | Entered Level 10 of a ziggurat
 55489 | Zig:10   | Paralysed by a wendigo for 1 turns
 55500 | Zig:10   | Paralysed by a wendigo for 1 turns
 55510 | Zig:10   | Identified the +2 ring mail of Toshul {Dex+3}
 55510 | Zig:10   | Identified the Encyclopedia of Abominable Secrets
 55732 | Zig:10   | Learned a level 5 spell: Borgnjor's Vile Clutch
 55741 | Zig:11   | Entered Level 11 of a ziggurat
 55750 | Zig:11   | Identified the Dissertation on Translocated Portents
 55753 | Zig:11   | Reached skill level 5 in Ice Magic
 55754 | Zig:11   | Identified the +5 falchion "Maehisam" {flame, rF+ Int+3
                  | Dex+5}
 55754 | Zig:11   | Identified the +4 morningstar of Compassion {drain, +Blink
                  | rC- Str-2 Dex+6}
 55900 | Zig:12   | Entered Level 12 of a ziggurat
 55909 | Zig:12   | Noticed Liukhlo the pandemonium lord
 55909 | Zig:12   | Noticed Makka the pandemonium lord
 55909 | Zig:12   | Identified the +3 leather armour of the Zebrataur {rPois
                  | rC+ Int+2}
 55909 | Zig:12   | Identified the ring of Jummyzep {rF+ Int+2 Dex+3}
 55910 | Zig:12   | Noticed Juozil the pandemonium lord
 55910 | Zig:12   | Noticed a Killer Klown
 55910 | Zig:12   | Identified the ring of Etturomo {rF+ rN+ Int+3 SInv}
 55910 | Zig:12   | Identified the Anthology of the Gnat
 55910 | Zig:12   | Identified the Vademecum on Scintillating Corpses
 55910 | Zig:12   | Identified the staff of Resourcefulness {rF+ Str+2 Dex+4
                  | Stlth- Fire}
 55911 | Zig:12   | Noticed a Killer Klown
 55911 | Zig:12   | Noticed a Killer Klown
 55911 | Zig:12   | Noticed Uhexuy the pandemonium lord
 55914 | Zig:12   | Killed a Killer Klown
 55915 | Zig:12   | Killed Uhexuy the pandemonium lord
 55915 | Zig:12   | Killed a Killer Klown
 55916 | Zig:12   | Identified Juxun's Tome of Geometric Blasting
 55918 | Zig:12   | Killed a Killer Klown
 55922 | Zig:12   | Killed Liukhlo the pandemonium lord
 55929 | Zig:12   | Killed Juozil the pandemonium lord
 55983 | Zig:12   | Killed Makka the pandemonium lord
 56140 | Zig:12   | Learned a level 4 spell: Martyr's Knell
 56148 | Zig:13   | Entered Level 13 of a ziggurat
 56157 | Zig:13   | Identified the +0 leather armour of the Meadowlark {Regen+
                  | SInv}
 56157 | Zig:13   | Identified the ring "Boil" {rN+ rCorr SInv}
 56158 | Zig:13   | Noticed Ebrais the pandemonium lord
 56164 | Zig:13   | Reached XP level 25. HP: 126/185 MP: 24/53
 56176 | Zig:13   | Killed Ebrais the pandemonium lord
 56178 | Zig:13   | Found the +0 cloak of the Thief {Quiet Slay-3 SInv Stlth+}
 56390 | Zig:14   | Entered Level 14 of a ziggurat
 56441 | Zig:14   | Identified the +2 sling of Extremism {freeze, ^Drain rPois
                  | Dex+3}
 56441 | Zig:14   | Identified the staff of Iwappi {rElec rCorr Conj}
 56452 | Zig:14   | Reached XP level 26. HP: 80/192 MP: 23/53
 56615 | Depths:3 | Noticed Parghit
 56625 | Depths:3 | Killed Parghit
 56894 | Depths:3 | Found a hide-covered altar of Uskayaw.
 57305 | Depths:3 | Noticed Mennas
 57310 | Depths:3 | Killed Mennas
 57576 | Depths:3 | Found a transporter.
 57607 | Depths:3 | Found a transporter.
 57785 | Depths:3 | Found a transporter.
 57793 | Depths:3 | Found a shadowy altar of Dithmenos.
 58051 | Depths:3 | Found a transporter.
 58496 | Slime:1  | Entered Level 1 of the Pits of Slime
 58516 | Slime:1  | Reached skill level 10 in Ice Magic
 58952 | Slime:5  | Entered Level 5 of the Pits of Slime
 58969 | Slime:5  | Noticed the Royal Jelly
 58974 | Slime:5  | Killed the Royal Jelly
 59006 | Slime:5  | Identified the +0 scale mail "Voblaune" {Fly rElec rN+
                  | Will-}
 59017 | Slime:5  | Identified the +1 long sword "Eneoq" {antimagic, ^Drain
                  | +Blink Stlth+}
 59029 | Slime:5  | Identified the +7 mace "Boohogir" {heavy, Will+ Int+4}
 59033 | Slime:5  | Identified the Precepts of Lava and Clay
 59043 | Slime:5  | Identified the staff of Freehold {+Blink rElec Dex+7 Air}
 59145 | Slime:5  | Your ally the Royal Jelly died
 59167 | Slime:5  | Got a slimy rune of Zot
 59684 | Depths:3 | Learned a level 9 spell: Polar Vortex
 59696 | Depths:2 | Learned a level 8 spell: Lehudib's Crystal Spear
 59772 | Depths:4 | Entered Level 4 of the Depths
 59847 | Depths:4 | Reached XP level 27. HP: 199/199 MP: 27/54
 59861 | Depths:4 | Reached skill level 10 in Evocations
 59910 | Depths:4 | Found a gate to the Realm of Zot.
 60852 | Zot:1    | Entered Level 1 of the Realm of Zot
 60886 | Zot:2    | Reached skill level 15 in Ice Magic
 61728 | Zot:4    | Noticed an orb of fire
 61734 | Zot:4    | Gained mutation: You occasionally shout uncontrollably at
                  | your foes. [an orb of fire]
 61735 | Zot:4    | Killed an orb of fire
 61885 | Zot:4    | Identified the ring "Iruf" {Ice Will+ MP-9 Str+5}
 61885 | Zot:4    | Noticed Josephina
 61897 | Zot:4    | Killed Josephina
 62311 | Zot:5    | Entered Level 5 of the Realm of Zot
 63197 | Zot:5    | Noticed a dread lich
 63204 | Zot:5    | Killed a dread lich
 63316 | Zot:5    | Noticed an ancient lich
 63323 | Zot:5    | Killed an ancient lich
 63325 | Zot:5    | Noticed a dread lich
 63338 | Zot:5    | Killed a dread lich
 63451 | Zot:5    | Noticed an orb of fire
 63463 | Zot:5    | Killed an orb of fire
 63597 | Zot:5    | Noticed an orb of fire
 63600 | Zot:5    | Gained mutation: You occasionally lose the ability to read
                  | scrolls when taking damage. [an orb of fire]
 63605 | Zot:5    | Gained mutation: Your health recovers twice as slowly from
                  | being drained. [an orb of fire]
 63607 | Zot:5    | Killed an orb of fire
 63855 | Zot:5    | Noticed an orb of fire
 64144 | Zot:5    | Got the Orb of Zot
 64373 | D:15     | Noticed Eniplig the pandemonium lord
 64848 | D:$      | Escaped with the Orb!

Illustrated notes

Levels and vault maps discovered:
D:1:      eino_arrival_cavern_d, layout_basic, minivault_14
D:2:      layout_basic, serial_shops, shop, minmay_misc_feat_five, uniq_sigmund
D:3:      layout_basic, wad_floor_pattern_2, uniq_ijyb, uniq_terence,
          uniq_jessica
D:4:      layout_loops_ring, kennysheep_generic_room_13
D:5:      layout_basic, kennysheep_little_box,
          nicolae_wu_jian_immortal_techniques, jmf_multi_god_temple,
          uniq_prince_ribbit1
D:6:      layout_basic, minmay_temple_entry_statues, minmay_puff
D:7:      layout_layer_cave, nicolae_elyvilon_peaceful_grove,
          lemuel_coloured_pillars_altar, beargit_hepliaklqana_dungeon_heroes,
          minitemple, gammafunk_ghost_abyssal_escape
D:8:      layout_loops_corners, hangedman_abyss_or_decor_stagger,
          minmay_misc_feat_hallway, hangedman_decor_peaks_small,
          kennysheep_generic_room_7
D:9:      layout_stronghold, fedhas_altar_4, mainiacjoe_overflow_two_lobes
D:10:     cheibrodos_fzero, layout_basic, erik_lair_orcish_takeover
D:11:     layout_stronghold, hiddenorc2_lemuel, uniq_urug
D:12:     layout_basic, kennysheep_decorative_pillar
D:13:     layout_stronghold, kennysheep_minor_cross,
          minmay_checkered_concentric_circles, uniq_sonja
D:14:     layout_roguey, erik_vaults_2, chequers_serial_rivers_micro_d,
          chequers_serial_rivers_small_a, uniq_frances
D:15:     grunt_enter_depths_snipers, layout_cross, gammafunk_ghost_grave,
          chequers_serial_rivers_micro_a, uniq_louise
Temple:   nicolae_temple_bog_church
Lair:1:   layout_layer_cave, hangedman_lair_unloving_vines,
          minmay_lair_oklob_items, grunt_megastairs_2, uniq_jeremiah
Lair:2:   layout_roguey, mainiacjoe_swamp_entry_lozenge_pond,
          spider_nest_entry_a, basic_altar, lemuel_fruit_tree
Lair:3:   layout_cave_pods, grunt_megastairs_5
Lair:4:   layout_hall_layers
Lair:5:   due_jungle_book, layout_long_grid, slime_entry_1,
          nicolae_lair_run_with_the_wolves
Swamp:1:  layout_falls_marsh, evilmike_swamp_ruin_house_1,
          hangedman_swamp_phenomena, infiniplex_staircase_pool
Swamp:2:  layout_basic_swamp, evilmike_swamp_ruin_house_5,
          nicolae_swamp_long_stream
Swamp:3:  layout_falls_marsh, evilmike_swamp_ruin_wall
Swamp:4:  swamp, layout_basic_swamp, gammafunk_ghost_grave, swamp_pool_1_2,
          nicolae_swamp_trees_clearing
Slime:1:  layout_caves
Slime:2:  layout_caves
Slime:3:  layout_caves
Slime:4:  layout_caves, nicolae_slime_phagocytosis
Slime:5:  slime_pit_nicolae_amoeboid
Orc:1:    layout_diamond_mine, basic_altar, mines5_lemuel, uniq_harold
Orc:2:    st_orc_ogre_mass, layout_caves, gauntlet_entry_generic
Vaults:1: nicolae_vaults_storing_the_good_stuff, nicolae_vaults_sightless_eye,
          nicolae_vaults_tetromino_T_2, grunt_vaults_diagonal,
          nicolae_vaults_meiosis, hangedman_vaults_variations, vaults_mumra_lcd,
          nicolae_vaults_doubleplus_tesselated, v_pattern_3,
          nicolae_vaults_variable_pillar_hall_cross,
          vaults_standard_mumra_enter_the_diamond, vaults_room_pools,
          vaults_dpeg_cross, nicolae_vaults_shelves_hall, layout_vaults_omnibox
Vaults:2: gammafunk_ghost_arena, hangedman_vaults_unwind,
          nicolae_vaults_storage_closets_1, nicolae_vaults_inception_corners,
          ontoclasm_vaults_shuriken, vaults_mumra_hex, hangedman_vaults_cutoff,
          layout_vaults_omnigrid
Vaults:3: v_rooms_6, nicolae_vaults_good_morning_starshine,
          minmay_crypt_entry_skeletal_spiral, nicolae_vaults_network_quinsquares
          [nicolae_vaults_network_quincunx_subvault,
          nicolae_vaults_network_quincunx_subvault,
          nicolae_vaults_network_quincunx_subvault,
          nicolae_vaults_network_quincunx_subvault],
          nicolae_vaults_ninety_degrees, nicolae_vaults_trapezoid_layered,
          vaults_dpeg_ring, vaults_dpeg_diagonal,
          nicolae_vaults_little_squares_2, vaults_room_pools,
          grunt_vaults_focal, layout_vaults_omnicross
Vaults:4: v_misc_30, nicolae_vaults_little_squares_2, v_misc_25,
          vaults_mumra_minichess, grunt_vaults_swirl,
          ontoclasm_vaults_ring_small, ontoclasm_vaults_pinch,
          nicolae_vaults_closet_pinwheel_5,
          nicolae_vaults_offset_grid_hallway_4, layout_vaults_maze_bifur,
          uniq_mara
Vaults:5: uniq_saint_roka
Depths:1: layout_gridville, grunt_decor_resistance, pf_hell_entry_tar_river,
          serial_magic_research, hangedman_research_pyrotechnics,
          hangedman_research_quantum, hangedman_research_convocations,
          hangedman_research_toxicology, hangedman_research_thanatology,
          hangedman_research_thermodynamics, hangedman_glass_teeth,
          fountainhead, lemuel_flamethrower_3, uniq_sojobo
Depths:2: grunt_bent_corner, layout_honeycomb, enter_ziggurat_f,
          grunt_pan_entry_zigzag, hell_entry, wad_floor_pattern_untrapped
Depths:3: regret_index_uskayaw_diablada_macabre, layout_honeycomb,
          nicolae_dithmenos_shadow_blocks, abyss_entry, hell_entry,
          nicolae_transporter_intersection, minmay_staircase_bubble,
          uniq_parghit, uniq_mennas
Depths:4: grunt_crosshair, layout_cave_pools, grunt_hell_entry_dis_old,
          pan_entry
Hell
Zot:1:    layout_twisted_circle, lemuel_lake_of_fire
Zot:2:    layout_gridlike
Zot:3:    cheibrodos_frozen_isle, layout_cathedral_of_symmetry, zot_minivault_4
Zot:4:    layout_onion_interference, bh_zot_lava_cross, grunt_megastairs_4,
          uniq_josephina
Zot:5:    layout_basic

Skill      XL: |  1  2  3  4  5  6  7  8  9 10 11 12 13 14 15 16 17 18 19 20 21 22 23 24 25 26 27 |
---------------+----------------------------------------------------------------------------------+-----
Earth Magic    | 4 6 7 8 9 10 11 12 15 17 | 17.6
Conjurations   | 2 3 4 5 6 8 9 |  9.8
Fighting       | 1 2 3 5 6 7 9 10 11 12 13 14 15 16 17 18 20 | 20.7
Alchemy        | 1 2 3 4 5 6 7 |  7.3
Spellcasting   | 3 5 6 8 9 11 12 13 14 15 17 18 19 20 | 20.7
Armour         | 1 3 5 7 8 9 11 | 11.4
Hexes          | 2 3 4 5 |  5.0
Evocations     | 1 3 4 5 8 9 14 | 14.1
Summonings     | 1 4 7 8 9 10 11 13 | 13.4
Necromancy     | 1 2 4 7 9 |  9.8
Dodging        | 2 3 4 5 7 |  7.4
Shields        | 1 2 3 4 6 |  6.4
Translocations | 1 3 4 5 6 |  6.0
Fire Magic     | 3 6 9 12 | 12.1
Stealth        | 8 |  8.8
Ice Magic      | 1 6 7 13 20 | 20.1

Action                     |  1- 3 |  4- 6 |  7- 9 | 10-12 | 13-15 | 16-18 | 19-21 | 22-24 | 25-27 || total
---------------------------+-------+-------+-------+-------+-------+-------+-------+-------+-------++-------
  Melee: Dagger            |     4 |       |    16 |       |       |       |       |       |       ||    20
         Staff             |       |       |    21 |    11 |    28 |   112 |    64 |    38 |    51 ||   325
  Throw: Stone             |     5 |       |       |       |       |       |       |       |       ||     5
         Boomerang         |     2 |     7 |    18 |       |       |       |       |       |       ||    27
         Dart              |       |     3 |    11 |     8 |     4 |     1 |       |       |       ||    27
         Throwing net      |       |       |     4 |     2 |       |       |       |       |       ||     6
         Javelin           |       |       |       |       |       |     3 |     2 |       |       ||     5
   Cast: Sandblast         |    32 |    41 |   105 |    72 |   285 |    31 |       |       |       ||   566
         Stone Arrow       |     1 |     5 |    54 |   266 |   291 |   358 |   112 |    57 |       ||  1144
         Petrify           |       |       |     1 |     2 |     1 |     1 |       |       |       ||     5
         Tukima's Dance    |       |       |     1 |     2 |     8 |     1 |       |       |       ||    12
         Iskenderun's Myst |       |       |       |     1 |     3 |     1 |       |       |       ||     5
         Summon Forest     |       |       |       |       |    48 |    65 |    24 |    11 |     1 ||   149
         Irradiate         |       |       |       |       |     8 |     7 |     3 |     7 |     2 ||    27
         Death Channel     |       |       |       |       |       |     9 |    13 |    17 |    14 ||    53
         Yara's Violent Un |       |       |       |       |       |     1 |    11 |     1 |       ||    13
         Haunt             |       |       |       |       |       |    41 |    83 |    67 |    74 ||   265
         Animate Dead      |       |       |       |       |       |     4 |     7 |    17 |    21 ||    49
         Spellforged Servi |       |       |       |       |       |     3 |    19 |     2 |    23 ||    47
         Blink             |       |       |       |       |       |     1 |     1 |     1 |     1 ||     4
         Ignition          |       |       |       |       |       |       |    18 |    33 |    42 ||    93
         Shatter           |       |       |       |       |       |       |       |    54 |    41 ||    95
         Malign Gateway    |       |       |       |       |       |       |       |     1 |     5 ||     6
         Borgnjor's Vile C |       |       |       |       |       |       |       |       |    54 ||    54
         Martyr's Knell    |       |       |       |       |       |       |       |       |     2 ||     2
         Polar Vortex      |       |       |       |       |       |       |       |       |    21 ||    21
         Lehudib's Crystal |       |       |       |       |       |       |       |       |     6 ||     6
 Invoke: Curse Item        |       |       |     3 |     4 |     5 |     5 |     2 |     1 |       ||    20
         Shatter the Chain |       |       |       |     1 |     3 |     5 |     1 |       |       ||    10
  Evoke: Wand              |       |     1 |     7 |    17 |    11 |    15 |     1 |    11 |    15 ||    78
         Lightning rod     |       |       |       |     1 |    10 |     4 |       |     4 |       ||    19
         Horn of Geryon    |       |       |       |       |       |       |       |     2 |     2 ||     4
         Box of beasts     |       |       |       |       |       |       |       |     1 |       ||     1
         Phantom mirror    |       |       |       |       |       |       |       |       |     1 ||     1
    Use: Potion            |     4 |       |       |       |       |       |     6 |     8 |    15 ||    33
         Scroll            |       |     3 |     1 |     1 |     2 |     6 |     4 |     7 |    11 ||    35
   Stab: Sleeping          |       |       |     1 |       |       |       |       |       |       ||     1
         Petrified         |       |       |       |     1 |       |       |       |       |       ||     1
         Distracted        |       |       |       |       |     1 |     4 |     4 |     2 |     3 ||    14
         Paralysed         |       |       |       |       |       |       |       |       |     2 ||     2
 Armour: Robe              |     9 |    21 |    38 |       |       |       |       |       |       ||    68
         Leather armour    |       |       |    46 |   132 |   348 |   415 |   180 |   213 |   309 ||  1643
  Dodge: Dodged            |     9 |    11 |    58 |   173 |   363 |   240 |   105 |   102 |   182 ||  1243
  Block: Buckler           |       |       |       |       |     3 |   153 |    98 |    57 |    93 ||   404
         Reflection        |       |       |       |       |       |    15 |    11 |     7 |     2 ||    35

Table legend: (Time is in decaauts)
 A = Elapsed time spent in this place.
 B = Non-inter-level travel time spent in this place.
 C = Inter-level travel time spent in this place.
 D = Time resting spent in this place.
 E = Time spent auto-exploring this place.
 F = Levels seen in this place.
 G = Mean time per level.
                   A        B        C        D        E       F      G
               +--------+--------+--------+--------+--------+-----+--------+
         Total |  65206 |  60479 |   4727 |   6991 |  40382 |  66 |  988.0 |
       Dungeon |  24263 |  21849 |   2414 |   2088 |  16135 |  15 | 1617.5 |
        Temple |      1 |      1 |      0 |      0 |      0 |   1 |    1.0 |
          Lair |   8930 |   8111 |    819 |    519 |   6264 |   5 | 1786.0 |
         Swamp |   4771 |   4623 |    148 |    346 |   3466 |   4 | 1192.8 |
    Slime Pits |    902 |    854 |     48 |    287 |    144 |   5 |  180.4 |
  Orcish Mines |   2428 |   2332 |     96 |     35 |   1825 |   2 | 1214.0 |
        Vaults |   9832 |   9349 |    483 |    194 |   6948 |   5 | 1966.4 |
        Depths |   7771 |   7176 |    595 |   1312 |   4007 |   4 | 1942.8 |
          Hell |     22 |     22 |      0 |      0 |      0 |   1 |   22.0 |
           Zot |   3231 |   3109 |    122 |   2028 |      0 |   5 |  646.2 |
         Abyss |    332 |    332 |      0 |      0 |      0 |   4 |   83.0 |
      Ziggurat |   1943 |   1943 |      0 |     46 |   1384 |  14 |  138.8 |
      Gauntlet |    773 |    773 |      0 |    136 |    207 |   1 |  773.0 |
               +--------+--------+--------+--------+--------+-----+--------+

Top non-repeatable levels by time:
  Lair:1: 2908 daAuts
Depths:2: 2884 daAuts
Vaults:3: 2644 daAuts
    D:10: 2576 daAuts
Depths:1: 2230 daAuts
     D:7: 2205 daAuts
    D:13: 2118 daAuts
  Lair:5: 2113 daAuts
     D:5: 2056 daAuts
    D:15: 1974 daAuts
Vaults:5: 1891 daAuts
   Zot:5: 1879 daAuts
Vaults:1: 1866 daAuts
    D:12: 1815 daAuts
Vaults:4: 1770 daAuts
